 Dungeon Crawl Stone Soup version 0.30-a0-176-gdd20fb75b6 (webtiles) character file.

Game seed: 9921645453342092567

424 Aibolit the Vexing (level 7, -2/52 HPs)
             Began as a Human Hexslinger on Oct 2, 2022.
             Slain by a water moccasin (9 damage)
             ... on level 4 of the Dungeon.
             The game lasted 00:07:09 (2610 turns).

Aibolit the Vexing (Human Hexslinger)               Turns: 2610, Time: 00:07:10

Health: -2/52      AC:  3    Str: 10    XL:     7   Next: 17%
Magic:  11/11      EV: 13    Int: 13    God:
Gold:   173        SH:  0    Dex: 16    Spells: 3/11 levels left

rFire   . . .      SeeInvis .    a - +1 sling
rCold   . . .      Faith    .    (no shield)
rNeg    . . .      Spirit   .    c - +1 robe
rPois   .          Reflect  .    (no helmet)
rElec   .          Harm     .    (no cloak)
rCorr   .          Rampage  .    (no gloves)
Will    .....                    (no boots)
Stlth   ..........               (no amulet)
HPRegen 0.28/turn                (no ring)
MPRegen 0.12/turn                (no ring)

@: silenced
A: no striking features
a: no special abilities


You were on level 4 of the Dungeon.
You visited 1 branch of the dungeon, and saw 4 of its levels.

You collected 173 gold pieces.

Inventory:

Hand Weapons
 a - a +1 sling (weapon)
Missiles
 j - a throwing net
Armour
 c - a +1 robe (worn)
Scrolls
 d - 2 scrolls of identify
 p - 3 scrolls of amnesia
Potions
 b - a potion of heal wounds {unknown}
 e - a potion of lignification
 f - a potion of flight
 g - a potion of might {unknown}
 i - a potion of cancellation {unknown}
 k - 2 potions of mutation
 l - a potion of magic {unknown}
 n - a potion of haste {unknown}
 q - a potion of attraction {unknown}


   Skills:
 + Level 3.1 Fighting
 + Level 3.6 Ranged Weapons
 + Level 3.6 Dodging
 + Level 2.8 Spellcasting
 + Level 4.2 Hexes


You had 3 spell levels left.
You knew the following spells:

 Your Spells              Type           Power      Damage    Failure   Level
a - Slow                  Hex            48%        N/A       4%          1
b - Portal Projectile     Hex/Tloc       14%        N/A       28%         3
c - Cause Fear            Hex            6%         N/A       38%         4

Your spell library contained the following spells:

 Spells                   Type           Power      Damage    Failure   Level
 Tukima's Dance           Hex            12%        N/A       12%         3
 Foxfire                  Conj/Fire      4%         2x1d4     24%         1
 Inner Flame              Hex/Fire       7%         N/A       28%         3
 Sublimation of Blood     Necr           1%         N/A       34%         2
 Passage of Golubria      Tloc           1%         N/A       93%         4
 Petrify                  Tmut/Erth      1%         N/A       93%         4
 Yara's Violent Unravell  Hex/Tmut       3%         3d4       95%         5
 Fireball                 Conj/Fire      0%         3d3       100%        5
 Irradiate                Conj/Tmut      0%         3d11      100%        5
 Starburst                Conj/Fire      0%         6d3       100%        6


Dungeon Overview and Level Annotations

Branches:
Dungeon (4/15)
 Temple: D:4-7

Altars:

Shops:
D:1 *   D:4 *

Portals:
Sewer: D:4


Message History

You shoot a sling bullet.
The sling bullet barely misses the water moccasin.
The water moccasin bites you.
Cornered, the water moccasin turns to fight!
You shoot a sling bullet.
The sling bullet misses the water moccasin.
The water moccasin bites you!
You shoot a sling bullet.
The sling bullet hits the water moccasin.
The water moccasin is lightly wounded.
The water moccasin closely misses you.
Cornered, the water moccasin turns to fight!
The water moccasin bites you!
You are poisoned.
The water moccasin poisons you! The water moccasin bites you.
You are too injured to fight recklessly!
You are too injured to fight recklessly!
You are too injured to fight recklessly!
The water moccasin attacks as you move away!
The water moccasin misses you.
You feel very sick. The water moccasin barely misses you.
The water moccasin attacks as you move away!
The water moccasin misses you.
You feel sick. The water moccasin barely misses you.
As you read the scroll labelled VISIOR HAES, it crumbles to dust.
Your body is wracked with pain!
* * * LOW HITPOINT WARNING * * *
The water moccasin convulses! x3; It was a scroll of torment.
You feel sick. The water moccasin bites you.
* * * LOW HITPOINT WARNING * * *
The water moccasin bites you.
* * * LOW HITPOINT WARNING * * *
As you read the scroll labelled XONGIT LIG EWU, it crumbles to dust.
A profound silence engulfs you.
It was a scroll of silence.
* * * LOW HITPOINT WARNING * * *
You feel sick. The water moccasin barely misses you.
The water moccasin misses you. The water moccasin barely misses you.
You feel better. The water moccasin bites you!
You die...

#....................
#....................
#..............###.#.
########........###+#.
#.....................
#.....................
#........#............
#...S....#...##...#...
##..S@.##..........#..
#..SS.##..........#..
#.....##.............
#'##..##............#
#.. #................#
#.∩ #................#
#.. #.................
##+ #.....#...........
......#


You could see 4 water moccasins.

Vanquished Creatures
  Sigmund (D:2)
  A scorpion (D:4)
  A hound (D:4)
  Robin (D:2)
  6 adders
  An ufetubus (D:4)
  2 worms (D:4)
  3 dart slugs
  4 orcs (D:3)
  8 ball pythons
  7 endoplasms
  5 giant cockroaches
  13 hobgoblins
  4 quokkas
  9 bats
  A frilled lizard (D:1)
  13 goblins
  5 kobolds
  4 rats
89 creatures vanquished.

Notes
Turn   | Place    | Note
-------+----------+-------------------------------------------
     0 | D:1      | Aibolit the Human Hexslinger began the quest for the Orb.
     0 | D:1      | Reached XP level 1. HP: 15/15 MP: 2/2
     1 | D:1      | Noticed a ghoul
     1 | D:1      | Noticed a barachi
     9 | D:1      | Noticed a naga
    10 | D:1      | Noticed a formicid
    11 | D:1      | Noticed a ghoul
    12 | D:1      | Noticed a demonspawn
    15 | D:1      | Noticed a draconian
    15 | D:1      | Noticed an octopode
    17 | D:1      | Noticed a ghoul
    17 | D:1      | Noticed a naga
    19 | D:1      | Noticed a barachi
    19 | D:1      | Noticed an ogre
    21 | D:1      | Noticed a formicid
    23 | D:1      | Noticed an elf
    60 | D:1      | Reached XP level 2. HP: 21/21 MP: 3/3
    76 | D:1      | Found Siurhomu's Assorted Antiques.
   129 | D:1      | Reached XP level 3. HP: 24/26 MP: 3/5
   642 | D:2      | Reached XP level 4. HP: 29/33 MP: 6/6
   683 | D:2      | Noticed Sigmund
   693 | D:2      | Killed Sigmund
   694 | D:2      | Reached XP level 5. HP: 21/39 MP: 6/8
   694 | D:2      | Reached XP level 6. HP: 25/46 MP: 6/9
   702 | D:2      | Noticed Robin
   760 | D:2      | Killed Robin
  1172 | D:2      | Learned a level 3 spell: Portal Projectile
  1509 | D:2      | Found a faded altar of an unknown god.
  1574 | D:2      | Learned a level 4 spell: Cause Fear
  1601 | D:3      | Reached skill level 4 in Hexes
  2175 | D:4      | Found a glowing drain.
  2297 | D:4      | Reached XP level 7. HP: 35/52 MP: 9/11
  2601 | D:4      | Found Liyxid Tiokk's Serpentskin Sales.
  2601 | D:4      | Noticed a water moccasin
  2601 | D:4      | Noticed a water moccasin
  2601 | D:4      | Noticed a water moccasin
  2602 | D:4      | Noticed a water moccasin
  2609 | D:4      | HP: 2/52 [poisoned by a water moccasin]
  2610 | D:4      | Slain by a water moccasin

Illustrated notes

Levels and vault maps discovered:
D:1:      shiori_arrival_whats_in_store_for_you, layout_rooms, serial_shops,
          nicolae_square_shop, minmay_misc_feat_room, minmay_pentomino_z2
D:2:      layout_loops_ring, hellmonk_ecumenical_altar_leap_of_faith,
          uniq_robin, uniq_sigmund
D:3:      layout_rooms
D:4:      layout_basic, cheibrodos_sewer_entry_bend, grunt_decor_fettered,
          guppyfry_shop_venom

Skill      XL: |  1  2  3  4  5  6 |
---------------+-------------------+-----
Fighting       | 2 3 |  3.1
Ranged Weapons | 3 |  3.6
Dodging        | 3 |  3.6
Spellcasting   | 2 |  2.8
Hexes          | 4 |  4.2

Action                   |  1- 3 |  4- 6 |  7- 9 || total
-------------------------+-------+-------+-------++-------
 Fire: Sling             |   122 |   198 |    20 ||   340
Throw: Throwing net      |       |     2 |       ||     2
  Use: Scroll            |     3 |     7 |     3 ||    13
       Potion            |       |     2 |     1 ||     3
Armor: Robe              |    10 |    29 |     2 ||    41
Dodge: Dodged            |    46 |    78 |    15 ||   139

Table legend: (Time is in decaauts)
 A = Elapsed time spent in this place.
 B = Non-inter-level travel time spent in this place.
 C = Inter-level travel time spent in this place.
 D = Time resting spent in this place.
 E = Time spent auto-exploring this place.
 F = Levels seen in this place.
 G = Mean time per level.
                   A        B        C        D        E       F      G
               +--------+--------+--------+--------+--------+-----+--------+
         Total |   2695 |   2595 |    100 |    250 |   1701 |   4 |  673.8 |
       Dungeon |   2695 |   2595 |    100 |    250 |   1701 |   4 |  673.8 |
               +--------+--------+--------+--------+--------+-----+--------+

Top non-repeatable levels by time:
     D:2: 1081 daAuts
     D:4: 593 daAuts
     D:1: 563 daAuts
     D:3: 457 daAuts
